 Dungeon Crawl Stone Soup version 0.25-a0-426-g7d9e569eea (console) character file.

Game seed: 13081483582713358361, levelgen mode: deterministic

451994 Kagalorn the Slayer (level 23, -15/234 HPs)
             Began as a Minotaur Fighter on Jan 25, 2020.
             Was the Champion of Okawaru.
             Killed from afar by a shadow dragon (35 damage)
             ... with a bolt of negative energy
             ... on level 4 of the Depths.
             The game lasted 02:17:48 (44315 turns).

Kagalorn the Slayer (Minotaur Fighter)             Turns: 44315, Time: 02:17:49

Health: -15/234    AC: 38    Str: 25 (26) XL:     23   Next: 21%
Magic:  28/28      EV: 10    Int:  9 (10) God:    Okawaru [******]
Gold:   4613       SH: 20    Dex: 17      Spells: 22/22 levels left

rFire    + + +     SeeInvis .   a - +9 broad axe (freeze)
rCold    + + .     Gourm    .   X - +2 shield {rC+ rF+}
rNeg     . . .     Faith    .   g - +3 gold dragon scales
rPois    +         Spirit   .   (helmet restricted)
rElec    .         Reflect  .   E - +2 cloak of Action {rPois Dex+4}
rCorr    .         Harm     .   C - +2 pair of gloves {Dex+3}
MR       ++...                  Z - +1 pair of boots {Fly}
Stlth    ..........             R - amulet of regeneration
HPRegen  0.89/turn              L - ring "Adeparaz" {rF+ MR+}
MPRegen  0.21/turn              F - +4 ring of protection

@: about to teleport, flying, very slightly contaminated, studying Armour,
heavily drained
A: retaliatory headbutt, horns 2, deterioration 1
}: 2/15 runes: decaying, gossamer
a: Heroism, Finesse, Renounce Religion, Stop Flying


You were on level 4 of the Depths.
You worshipped Okawaru.
Okawaru was exalted by your worship.
You were not hungry.

You visited 9 branches of the dungeon, and saw 44 of its levels.
You visited the Abyss 1 time.
You also visited: Gauntlet, Ice Cave and Desolation.

You collected 6313 gold pieces.
You spent 1700 gold pieces at shops.

Inventory:

Hand Weapons
 a - a +9 broad axe of freezing (weapon)
 b - a +3 antimagic demon trident
Missiles
 n - 11 silver javelins (quivered)
Armour
 g - +3 gold dragon scales (worn)
 C - a +2 pair of gloves of dexterity (worn)
 E - the +2 cloak of Action (worn) {rPois Dex+4}
   (Okawaru gifted it to you on level 1 of the Lair of Beasts)

   It affects your dexterity (+4).
   It protects you from poison.
 X - a +2 shield of resistance (worn)
 Z - a +1 pair of boots of flying (worn)
Jewellery
 m - an uncursed ring of protection from fire
 o - an uncursed ring of protection from magic
 q - the ring "Tuzosudink" {Wiz +Blink rN+}
   (You found it in the Desolation of Salt)

   [ring of wizardry]

   It improves your spell success rate.
   It protects you from negative energy.
   It lets you blink.
 y - the ring "Baurieva" {*Tele MR+++ Str+8 Int-3 Stlth-}
   (You found it on level 5 of the Lair of Beasts)

   [ring of teleportation]

   It may teleport you next to monsters.
   It affects your strength (+8).
   It affects your intelligence (-3).
   It affects your resistance to hostile enchantments.
   It makes you less stealthy.
 F - a +4 ring of protection (right hand)
 J - the ring of the Morning {Ice rN+ Dex+2}
   (You found it in the Desolation of Salt)

   [ring of ice]

   It enhances your ice magic.
   It affects your dexterity (+2).
   It makes you vulnerable to fire.
   It protects you from cold.
   It protects you from negative energy.
 L - the ring "Adeparaz" (left hand) {rF+ MR+}
   (You took it off a deep elf elementalist on level 3 of the Elven Halls)

   [ring of protection from magic]

   It protects you from fire.
   It affects your resistance to hostile enchantments.
 O - the ring of Bycw {rCorr Int+4}
   (You found it in the Desolation of Salt)

   [ring of resist corrosion]

   It affects your intelligence (+4).
   It provides partial protection from all sources of acid and corrosion.
 R - an amulet of regeneration (around neck)
 U - the ring of Life {rPois rN+ SInv}
   (You found it on level 3 of the Elven Halls)

   [ring of see invisible]

   It protects you from poison.
   It protects you from negative energy.
   It lets you see invisible.
Wands
 x - a wand of acid (27)
 D - a wand of iceblast (50)
 G - a wand of clouds (8)
 S - a wand of paralysis (30)
 Y - a wand of scattershot (6)
Scrolls
 c - 4 scrolls of summoning
 e - 2 scrolls of identify
 h - 21 scrolls of teleportation
 j - 2 scrolls of blinking
 l - 13 scrolls of remove curse
 A - 10 scrolls of fog
 B - 3 scrolls of magic mapping
 K - 9 scrolls of fear
Potions
 d - 4 potions of might
 i - 7 potions of agility
 k - 10 potions of flight
 r - 7 potions of ambrosia
 s - 5 potions of resistance
 t - 8 potions of haste
 u - 5 potions of invisibility
 z - 4 potions of lignification
 I - 5 potions of mutation
 M - 2 potions of cancellation
 N - 5 potions of heal wounds
 P - 4 potions of berserk rage
 Q - 11 potions of curing
 T - 6 potions of brilliance
Books
 p - a manual of Armour
Miscellaneous
 w - 2 phantom mirrors
 H - a box of beasts
Comestibles
 f - 76 rations


   Skills:
 * Level 25.2(23.3) Fighting
 - Level 22.0(20.2) Axes
 * Level 19.2(17.5) Armour
 - Level 10.0(8.6) Dodging
 - Level 25.0(23.1) Shields
 - Level 8.0(6.7) Invocations


You had 22 spell levels left.
You didn't know any spells.
Your spell library contained the following spells:

 Spells                   Type           Power        Failure   Level  Hunger
 Animate Skeleton         Necr           N/A          100%        1    ##.....
 Beastly Appendage        Tmut           #.....       100%        1    ##.....
 Corona                   Hex            #......      100%        1    ##.....
 Foxfire                  Conj/Fire      #...         100%        1    ##.....
 Freeze                   Ice            #...         100%        1    ##.....
 Infusion                 Chrm           #...         100%        1    ##.....
 Magic Dart               Conj           #...         100%        1    ##.....
 Pain                     Necr           #...         100%        1    ##.....
 Shock                    Conj/Air       #...         100%        1    ##.....
 Sting                    Tmut/Pois      #...         100%        1    ##.....
 Blink                    Tloc           N/A          100%        2    ###....
 Call Imp                 Summ           #.......     100%        2    ###....
 Corpse Rot               Necr/Air       N/A          100%        2    ###....
 Ensorcelled Hibernation  Hex/Ice        #.....       100%        2    ###....
 Poisonous Vapours        Pois/Air       #.....       100%        2    ###....
 Searing Ray              Conj           #.....       100%        2    ###....
 Shroud of Golubria       Chrm/Tloc      #.....       100%        2    ###....
 Slow                     Hex            #.......     100%        2    ###....
 Song of Slaying          Chrm           #.......     100%        2    ###....
 Sticks to Snakes         Tmut           #.......     100%        2    ###....
 Sublimation of Blood     Necr           #.........   100%        2    ###....
 Swiftness                Chrm/Air       #.......     100%        2    ###....
 Confusing Touch          Hex            #.......     100%        3    ####...
 Conjure Flame            Conj/Fire      #.......     100%        3    ####...
 Dazzling Flash           Conj/Hex       #.....       100%        3    ####...
 Gell's Gravitas          Tloc           #.........   100%        3    ####...
 Ignite Poison            Fire/Tmut/Pois #.......     100%        3    ####...
 Inner Flame              Hex/Fire       #.......     100%        3    ####...
 Mephitic Cloud           Conj/Pois/Air  #.......     100%        3    ####...
 Ozocubu's Armour         Chrm/Ice       #.......     100%        3    ####...
 Spectral Weapon          Hex/Chrm       #.......     100%        3    ####...
 Spider Form              Tmut/Pois      #.........   100%        3    ####...
 Static Discharge         Conj/Air       #.......     100%        3    ####...
 Stone Arrow              Conj/Erth      #.....       100%        3    ####...
 Tukima's Dance           Hex            #.......     100%        3    ####...
 Vampiric Draining        Necr           #.........   100%        3    ####...
 Airstrike                Air            #.........   100%        4    #####..
 Dispel Undead            Necr           #.......     100%        4    #####..
 Fulminant Prism          Conj/Hex       #.........   100%        4    #####..
 Hailstorm                Conj/Ice       #.......     100%        4    #####..
 Ice Form                 Ice/Tmut       #.......     100%        4    #####..
 Iskenderun's Mystic Bla  Conj/Tloc      #.......     100%        4    #####..
 Olgreb's Toxic Radiance  Pois           #.......     100%        4    #####..
 Petrify                  Tmut/Erth      #.......     100%        4    #####..
 Sticky Flame             Conj/Fire      #.......     100%        4    #####..
 Summon Ice Beast         Ice/Summ       #.......     100%        4    #####..
 Summon Lightning Spire   Summ/Air       #.......     100%        4    #####..
 Agony                    Necr           #.......     100%        5    ######.
 Blade Hands              Tmut           #.........   100%        5    ######.
 Bolt of Magma            Conj/Fire/Erth #.........   100%        5    ######.
 Excruciating Wounds      Chrm/Necr      #.........   100%        5    ######.
 Fireball                 Conj/Fire      #.........   100%        5    ######.
 Iskenderun's Battlesphe  Conj/Chrm      #.......     100%        5    ######.
 Lightning Bolt           Conj/Air       #.........   100%        5    ######.
 Metabolic Englaciation   Hex/Ice        #.........   100%        5    ######.
 Silence                  Hex/Air        #.........   100%        5    ######.
 Summon Demon             Summ           #.........   100%        5    ######.
 Summon Forest            Summ/Tloc      #.........   100%        5    ######.
 Summon Mana Viper        Hex/Summ       #.......     100%        5    ######.
 Yara's Violent Unravell  Hex/Tmut       #.........   100%        5    ######.
 Conjure Ball Lightning   Conj/Air       #.........   100%        6    #######
 Eringya's Noxious Bog    Tmut/Pois      #.........   100%        6    #######
 Freezing Cloud           Conj/Ice/Air   #.........   100%        6    #######
 Hydra Form               Tmut           #.........   100%        6    #######
 Ozocubu's Refrigeration  Ice            #.........   100%        6    #######
 Simulacrum               Ice/Necr       #.........   100%        6    #######
 Starburst                Conj/Fire      #.........   100%        6    #######
 Orb of Destruction       Conj           #.........   100%        7    #######
 Ring of Flames           Chrm/Fire      #.........   100%        7    #######
 Summon Hydra             Summ           #.........   100%        7    #######
 Ignition                 Fire           #.........   100%        8    #######


Dungeon Overview and Level Annotations

Branches:
Dungeon (15/15)            Temple (1/1) D:6            Lair (6/6) D:11
  Swamp (4/4) Lair:3       Spider (4/4) Lair:2        Slime (0/5) Lair:5
    Orc (2/2) D:9             Elf (3/3) Orc:2        Vaults (4/5) D:14
  Crypt (0/3) Vaults:3     Depths (5/5) D:15          IceCv (visited)
Desolation (visited)      Gauntlet (visited)
    Zot: Depths:5

Altars:
Ashenzari
Cheibriados
Dithmenos
Elyvilon
Fedhas
Gozag
Hepliaklqana
Kikubaaqudgha
Makhleb
Nemelex Xobeh
Okawaru
Qazlal
Ru
Sif Muna
Trog
Uskayaw
Vehumet
Wu Jian
Xom
Yredelemnul
Zin
The Shining One
Beogh
Jiyva

Shops:
D:9 [   D:14 !*?[   Orc:2 !*}[   Vaults:1 %   Vaults:2 ?

Portals:
Hell: Depths:1 Depths:2 Depths:3
Abyss: Elf:3 Depths:1
Pandemonium: Orc:2 Depths:2

Annotations:
Lair:2 1 exclusion
Elf:3 2 transporters, larifari's ghost, adept DsNe


Innate Abilities, Weirdness & Mutations

You reflexively headbutt those who attack you in melee.
You have a pair of horns on your head.
Your body sometimes deteriorates upon taking damage.


Message History

You block the deep elf high priest's attack.
A brown ugly thing comes into view.
As you read the scroll of teleportation, it crumbles to dust.
You feel strangely unstable.
The deep elf high priest barely misses you.
You furiously retaliate!
You headbutt the deep elf high priest, but do no damage.
The vampire mage casts a spell.
The vampire mage flickers and vanishes!
Deactivating autopickup; reactivate with Ctrl-A.
You block the shadow dragon's attack. x2
The shadow dragon claws you but does no damage.
The hell knight gestures wildly while chanting.
The hell knight seems to speed up.
The deep elf high priest utters an invocation to its god.
A corpse begins to drag itself along the ground!
Some corpses meld into an agglomeration of writhing flesh!
The shadow dragon breathes negative energy at you.
The bolt of negative energy hits you!!
You feel drained.
You die...

### #. #...#. #.."#:
..# .)#[( ..#
###/)$#############.#
..":u#D....?#....#..#
#...e#..#...#...#
#.@L.?x.#..#....#
#...t#.#T.......#
#.#.#..[.T......#
#..[..#.#p......#
#"..#...x.....###
####..#........#
.........##.#
.......... ##
.#........##


You could see a shadow dragon, an ancient lich, a brown ugly thing, a deep elf
high priest, a deep troll shaman, a crocodile shaped shifter, a small
abomination and a crawling corpse.

Vanquished Creatures
  Sojobo (Depths:1)
  Boris (Vaults:2)
  A golden dragon (Depths:1)
  A bone dragon (Swamp:4)
  3 liches (Depths:1)
  A tentacled monstrosity (Depths:2)
  4 deep elf blademasters (Elf:3)
  3 deep elf master archers (Elf:3)
  3 sphinxes
  2 tentacled starspawn (Abyss:2)
  Agnes (Spider:1)
  2 thorn hunters
  A shadow dragon (Depths:5)
  3 tengu reavers
  Kirke (Lair:6)
  Roxanne (D:14)
  A frost giant (Vaults:4)
  6 fire giants
  2 imperial myrmidons (Desolation)
  A ghost moth (Spider:4)
  9 deep elf sorcerers (Elf:3)
  A draconian scorcher (Depths:5)
  An orc warlord (Orc:1)
  11 vault wardens
  A balrug (Depths:1)
  Louise (Elf:3)
  7 emperor scorpions
  3 spriggan defenders
  A draconian shifter (Depths:5)
  7 ironheart preservers
  2 deep elf elementalists (Elf:3)
  9 stone giants
  21 very ugly things
  A vampire knight (Depths:4)
  4 deep elf demonologists
  3 entropy weavers
  A dire elephant (Lair:6)
  8 deep elf annihilators
  A minotaur (Gauntlet)
  The ghost of qipq the Spry, a journeyman FeEn of Gozag (Swamp:3)
  3 halazid warlocks (Desolation)
  A spark wasp (Spider:2)
  A yellow draconian (Depths:5)
  A red draconian (Depths:5)
  A black draconian (Depths:5)
  A purple draconian (Depths:5)
  3 crystal guardians
  6 ettins
  3 deep elf death magi (Elf:3)
  A quicksilver dragon zombie (Depths:3)
  7 ragged hierophants (Desolation)
  A merfolk impaler (Depths:1)
  Josephine (Lair:4)
  10 fire dragons
  2 great orbs of eyes
  11 yaktaur captains
  Fannar (Lair:2)
  13 hydras
  4 rakshasas
  3 deep elf high priests (Elf:3)
  Harold (D:10)
  7 vault guards
  9 servants of whispers (Desolation)
  Erolcha (D:9)
  2 spriggan air magi
  A shambling mangrove (Swamp:2)
  8 ice dragons
  3 ghost crabs
  29 two-headed ogres
  4 peacekeepers
  2 catoblepae
  12 centaur warriors
  Erica (D:11)
  22 dancing weapons
  4 alligators
  8 ogre magi
  2 tengu warriors (Depths:1)
  6 deep troll shamans
  25 death yaks
  4 deep troll earth magi
  A thrashing horror (Abyss:2)
  2 vampire magi (Depths:1)
  21 deep elf knights
  4 spriggan berserkers
  3 sun demons
  A soul eater (Orc:2)
  3 orc high priests (Orc:2)
  12 skeletal warriors
  A sixfirhy (Depths:2)
  2 iron trolls (Depths:2)
  A salamander mystic (Depths:4)
  A wretched star (Abyss:2)
  An unseen horror (shapeshifter) (Vaults:4)
  2 swamp dragons
  12 deep trolls
  2 flayed ghosts
  A torturous demonspawn (Orc:2)
  2 unseen horrors
  2 gelid demonspawn
  2 orange crystal statues
  3 wizards
  2 spectral hydras (Swamp:4)
  16 deep elf archers
  A glowing orange brain (Vaults:4)
  A shadow demon (Depths:2)
  5 large abominations
  2 spriggan druids
  A phantasmal warrior (Swamp:4)
  2 lindwurms (Lair:6)
  A tengu zombie (Depths:3)
  17 orc knights
  5 harpies (Vaults:4)
  11 ironbrand convokers
  17 orb spiders
  A frost giant zombie (Vaults:4)
  35 ugly things
  A harpy (shapeshifter) (Vaults:3)
  2 necromancers
  13 orc sorcerers
  4 oklob plants
  Pikel (D:9)
  9 cyclopes
  38 wolf spiders
  57 deep elf magi
  2 tengu skeletons (Vaults:3)
  A sphinx skeleton (Vaults:4)
  3 manticores
  2 moths of wrath
  A frost giant skeleton (Vaults:3)
  A stone giant skeleton (Vaults:3)
  A guardian serpent (shapeshifter) (Vaults:2)
  2 apocalypse crabs
  A human skeleton (Vaults:3)
  4 elephants (Lair:2)
  A fire giant skeleton (Vaults:3)
  Maurice (D:9)
  5 ice statues (IceCv)
  Joseph (D:10)
  3 guardian serpents (Desolation)
  4 smoke demons
  7 black mambas
  14 vault sentinels
  3 molten gargoyles (Desolation)
  A spiny frog (shapeshifter) (Vaults:4)
  3 torpor snails
  6 rime drakes
  2 gargoyles
  2 minotaur zombies (Gauntlet)
  42 yaktaurs
  An efreet (D:13)
  2 kobold demonologists (D:12)
  3 human zombies (Vaults:4)
  3 freezing wraiths
  A rime drake (shapeshifter) (Depths:4)
  18 spiny frogs
  3 swamp worm zombies (Swamp:4)
  A komodo dragon (shapeshifter) (D:14)
  A hellwing (Orc:2)
  An anaconda simulacrum (IceCv)
  10 komodo dragons
  7 tengu conjurers
  A yaktaur skeleton (Vaults:3)
  4 demonic crawlers
  A red devil (Orc:2)
  A troll (Vaults:1)
  31 jumping spiders
  4 hydra zombies (Swamp:4)
  3 tyrant leeches
  A polar bear (Lair:6)
  2 queen bees (shapeshifter)
  14 hornets
  3 meliai (Gauntlet)
  A tengu simulacrum (Vaults:4)
  45 saltlings (Desolation)
  A hornet (shapeshifter) (Vaults:4)
  26 slime creatures
  An elf zombie (Depths:3)
  2 spectral swamp dragons (Swamp:4)
  11 dream sheep
  A hippogriff (shapeshifter) (Depths:1)
  5 alligator zombies (Swamp:4)
  6 blink frogs
  6 bog bodies
  2 air elementals (Elf:1)
  9 hippogriffs
  6 shadows
  56 redbacks
  5 spriggans
  An elf simulacrum (Depths:3)
  2 vampires
  7 wraiths
  34 yaks
  A dire elephant simulacrum (IceCv)
  A tarantella (shapeshifter) (Vaults:2)
  32 tarantellas
  3 wyverns
  7 water elementals
  11 humans (D:14)
  5 hogs (Lair:6)
  A fire bat (shapeshifter) (Vaults:1)
  5 basilisks
  3 fire elementals
  2 yaktaur simulacra
  4 steam dragons (Lair:6)
  10 vampire mosquitoes
  4 chaos spawn
  Menkaure (D:7)
  3 hungry ghosts
  3 harpy simulacra (IceCv)
  A soldier ant (shapeshifter) (Vaults:4)
  2 iron troll simulacra (IceCv)
  9 wargs
  19 swamp worms
  15 insubstantial wisps
  A soldier ant (D:11)
  3 acid dragons
  10 water moccasins
  11 porcupines
  2 sky beasts (D:8)
  9 swamp drakes
  2 black bears (Lair:3)
  48 orc warriors
  15 ice beasts
  A necrophage (D:9)
  6 phantoms
  23 ogres
  2 ettin simulacra (IceCv)
  20 wolves
  10 boggarts
  27 centaurs
  An elf skeleton (Vaults:3)
  3 swamp dragon zombies (Swamp:4)
  A crocodile (shapeshifter) (Vaults:2)
  20 crocodiles
  7 big kobolds
  7 small abominations
  15 bullfrogs
  A wyvern zombie (D:13)
  A deep troll simulacrum (Vaults:2)
  5 earth elementals
  A water moccasin zombie (D:5)
  A wyvern skeleton (D:12)
  6 scorpions
  58 killer bees
  18 wights
  5 howler monkeys
  8 crimson imps
  2 bullfrog zombies
  3 quasits (Depths:2)
  3 centaur zombies
  A human simulacrum (Vaults:3)
  9 hounds
  3 jellies
  20 orc wizards
  23 orc priests
  Crazy Yiuf (D:2)
  2 centaur skeletons
  An iron imp (Depths:2)
  3 bullfrog skeletons
  Terence (D:2)
  5 iguanas
  3 spectral swamp drakes (Swamp:4)
  17 worker ants
  A killer bee zombie (D:7)
  A hound zombie (D:5)
  A howler monkey zombie (D:8)
  4 gnolls (D:3)
  A swamp drake zombie (Swamp:4)
  8 adders
  4 shadow imps
  2 white imps (Depths:2)
  3 ufetubi
  4 oozes
  2 adder skeletons
  7 worms
  2 dart slugs
  6 leopard geckos
  99 orcs
  2 ball pythons
  8 bats
  8 giant cockroaches
  16 goblins
  15 hobgoblins
  15 jackals
  9 quokkas
  7 frilled lizards
  A jackal zombie (D:8)
  22 kobolds
  A leopard gecko skeleton (D:4)
  A quokka zombie (D:5)
  5 rats
  4 fungi
  23 plants
  2 starspawn tentacles (Abyss:2)
2005 creatures vanquished.

Vanquished Creatures (collateral kills)
  A juggernaut (Depths:2)
1 creature vanquished.

Vanquished Creatures (others)
  A vampire knight (Depths:1)
  An ogre mage (Vaults:2)
  An alligator (Swamp:4)
  A deep elf knight (Elf:1)
  A necromancer (Vaults:4)
  An orb spider (Spider:4)
  2 deep elf magi (Elf:1)
  A black mamba (Lair:6)
  A basilisk (Lair:6)
  6 insubstantial wisps (Swamp:4)
  A slave (D:9)
  2 boggarts (Depths:1)
  A centaur skeleton (D:9)
  A hell rat (Lair:6)
  2 bushes (Lair:6)
  16 fungi
  16 plants
  4 starspawn tentacles (Abyss:2)
59 creatures vanquished.

Grand Total: 2065 creatures vanquished

Notes
Turn   | Place    | Note
-------+----------+-------------------------------------------
     0 | D:1      | Kagalorn the Minotaur Fighter began the quest for the Orb.
     0 | D:1      | Reached XP level 1. HP: 19/19 MP: 0/0
    35 | D:1      | Reached XP level 2. HP: 26/26 MP: 1/1
   416 | D:1      | Reached XP level 3. HP: 31/31 MP: 2/2
   550 | D:2      | Found a shattered altar of Ashenzari.
   565 | D:2      | Found an opulent altar of Gozag.
   646 | D:2      | Found a runed translucent door.
   647 | D:2      | Noticed Crazy Yiuf
   907 | D:2      | Noticed Terence
   915 | D:2      | Killed Terence
   915 | D:2      | Reached skill level 5 in Axes
   915 | D:2      | Reached XP level 4. HP: 39/39 MP: 3/3
  1449 | D:2      | Killed Crazy Yiuf
  1567 | D:3      | Reached XP level 5. HP: 26/45 MP: 4/4
  1727 | D:3      | Found a glowing golden altar of the Shining One.
  1728 | D:3      | Found a bloodstained altar of Trog.
  1728 | D:3      | Found a sacrificial altar of Ru.
  1737 | D:3      | Found a shimmering altar of Xom.
  1768 | D:3      | Found a bloodstained altar of Trog.
  1901 | D:3      | Found a hide-covered altar of Uskayaw.
  1902 | D:3      | Noticed a +0 hand axe
  1904 | D:3      | Noticed a +0 hand axe
  2175 | D:4      | Reached XP level 6. HP: 47/51 MP: 5/5
  2277 | D:4      | Got a bloodstained long sword
  2555 | D:4      | Reached XP level 7. HP: 51/57 MP: 6/6
  2828 | D:5      | Entered Level 5 of the Dungeon
  3045 | D:5      | Reached skill level 10 in Axes
  3125 | D:5      | Found a shimmering blue altar of Sif Muna.
  3309 | D:5      | Found a snail-covered altar of Cheibriados.
  3479 | D:5      | Found a blossoming altar of Fedhas.
  3645 | D:6      | Found a white marble altar of Elyvilon.
  3679 | D:6      | Reached XP level 8. HP: 56/64 MP: 7/7
  3766 | D:6      | Found a sparkling altar of Nemelex Xobeh.
  3926 | D:6      | Found a staircase to the Ecumenical Temple.
  3945 | Temple   | Entered the Ecumenical Temple
  4061 | Temple   | Became a worshipper of Warmaster Okawaru
  4499 | D:6      | Reached skill level 1 in Invocations
  4958 | D:7      | Noticed Menkaure
  4969 | D:7      | Killed Menkaure
  4969 | D:7      | Reached * piety under Okawaru
  5086 | D:7      | Reached XP level 9. HP: 67/70 MP: 9/9
  5223 | D:8      | Identified the +4 long sword of Welfare {pain, rN+ MP+9}
                  | (You found it on level 4 of the Dungeon)
  5334 | D:8      | HP: 2/70 [poisoned by a killer bee]
  5702 | D:8      | Reached ** piety under Okawaru
  5985 | D:8      | Noticed a two-headed ogre
  5992 | D:8      | Killed a two-headed ogre
  5992 | D:8      | Reached *** piety under Okawaru
  5992 | D:8      | Reached skill level 15 in Axes
  6407 | D:9      | Reached XP level 10. HP: 57/78 MP: 10/10
  6415 | D:9      | Noticed a two-headed ogre
  6659 | D:9      | Noticed Maurice
  6691 | D:9      | Killed Maurice
  6794 | D:9      | Noticed Pikel
  6808 | D:9      | Killed Pikel
  6818 | D:9      | Found a radiant altar of Vehumet.
  6818 | D:9      | Found Wiyr's Armour Shoppe.
  7008 | D:9      | Reached **** piety under Okawaru
  7036 | D:9      | Noticed Erolcha
  7049 | D:9      | Killed Erolcha
  7049 | D:9      | Reached skill level 5 in Fighting
  7049 | D:9      | Reached skill level 5 in Armour
  7406 | D:9      | Found a staircase to the Orcish Mines.
  7449 | D:9      | Reached ***** piety under Okawaru
  7449 | D:9      | Reached skill level 5 in Shields
  7545 | D:10     | Entered Level 10 of the Dungeon
  7875 | D:10     | Killed an unseen horror
  7896 | D:10     | Noticed Joseph
  7899 | D:10     | Noticed a gargoyle
  7920 | D:9      | Killed a two-headed ogre
  7920 | D:9      | Reached XP level 11. HP: 62/90 MP: 9/12
  8025 | D:10     | Noticed Harold
  8042 | D:10     | Killed Harold
  8042 | D:10     | Received a gift from Okawaru
  8183 | D:10     | Noticed a centaur warrior
  8197 | D:10     | Killed a centaur warrior
  8454 | D:10     | Killed Joseph
  8620 | D:10     | Got a transparent jade ring
  8687 | D:10     | Noticed a three-headed hydra
  8693 | D:10     | Killed a one-headed hydra
  8882 | D:11     | Identified the ring of the Sixty-Six Wishes {rPois rC+}
                  | (You found it on level 10 of the Dungeon)
  9069 | D:11     | Found a staircase to the Lair.
  9087 | D:11     | Noticed a green ugly thing
  9110 | D:11     | Killed a green ugly thing
  9112 | D:11     | Noticed Erica
  9118 | D:11     | Received a gift from Okawaru
  9124 | D:11     | Killed Erica
  9124 | D:11     | Reached ****** piety under Okawaru
  9264 | D:11     | Reached XP level 12. HP: 52/103 MP: 12/14
  9951 | D:12     | Reached skill level 5 in Invocations
 11122 | D:13     | Noticed a centaur warrior
 11134 | D:13     | HP: 1/105 [deep elf knight/shard of ice (25)]
 11138 | D:13     | Killed a centaur warrior
 11139 | D:13     | HP: 5/105 [deep elf knight/+0 short sword (5)]
 11142 | D:13     | Received a gift from Okawaru
 11142 | D:13     | Reached skill level 10 in Armour
 11675 | D:13     | Reached skill level 10 in Fighting
 11771 | D:13     | Noticed a centaur warrior
 11787 | D:13     | Killed a centaur warrior
 11787 | D:13     | Reached skill level 10 in Shields
 12121 | Lair:1   | Entered Level 1 of the Lair of Beasts
 12284 | Lair:1   | Received a gift from Okawaru
 12290 | Lair:1   | Got a distressingly furry cloak {god gift}
 12301 | Lair:1   | Identified the +2 cloak of Action {rPois Dex+4} (Okawaru
                  | gifted it to you on level 1 of the Lair of Beasts)
 13156 | Lair:2   | Found a hole to the Spider Nest.
 13170 | Lair:2   | Reached XP level 13. HP: 101/113 MP: 16/16
 13243 | Lair:2   | Noticed Fannar
 13401 | Lair:2   | Found a sacrificial altar of Ru.
 13599 | Lair:2   | Killed Fannar
 14265 | Lair:3   | Received a gift from Okawaru
 14275 | Lair:3   | Got a bloodstained battleaxe {god gift}
 14280 | Lair:3   | Identified the +7 battleaxe of the Everdark {protect, MR+}
                  | (Okawaru gifted it to you on level 3 of the Lair of Beasts)
 15060 | Lair:3   | Found a staircase to the Swamp.
 15246 | Lair:4   | Received a gift from Okawaru
 15389 | Lair:4   | Found a stormy altar of Qazlal.
 15390 | Lair:4   | Noticed Josephine
 15399 | Lair:4   | Killed Josephine
 15406 | Lair:4   | Reached XP level 14. HP: 73/121 MP: 18/18
 16033 | Lair:5   | Got a fine bone ring
 16038 | Lair:5   | Identified the ring "Baurieva" {*Tele MR+++ Str+8 Int-3
                  | Stlth-} (You found it on level 5 of the Lair of Beasts)
 16048 | Lair:5   | Found a staircase to the Slime Pits.
 16049 | Lair:5   | Found a viscous altar of Jiyva.
 16353 | Lair:6   | Entered Level 6 of the Lair of Beasts
 16364 | Lair:6   | Received a gift from Okawaru
 16366 | Lair:6   | Reached skill level 1 in Dodging
 16380 | Lair:6   | Got a fine plate armour {god gift}
 16585 | Lair:6   | Noticed Kirke
 16599 | Lair:6   | Killed Kirke
 16670 | Lair:6   | Found a gate leading to a gauntlet.
 16685 | Lair:6   | Identified the +0 plate armour "Sothrivy" {Stlth+} (Okawaru
                  | gifted it to you on level 6 of the Lair of Beasts)
 16700 | Gauntlet | Entered a Gauntlet
 16700 | Gauntlet | Found a transporter.
 16700 | Gauntlet | Found a transporter.
 16701 | Gauntlet | Found a transporter.
 16704 | Gauntlet | Found a transporter.
 16718 | Gauntlet | Found a transporter.
 16720 | Gauntlet | Found a transporter.
 16728 | Gauntlet | Found a transporter.
 16733 | Gauntlet | Found a transporter.
 16751 | Gauntlet | Noticed an entropy weaver
 16751 | Gauntlet | a swamp worm changed into an entropy weaver
 16752 | Gauntlet | Found a transporter.
 16756 | Gauntlet | Found a transporter.
 16757 | Gauntlet | an entropy weaver changed into a tyrant leech
 16766 | Gauntlet | Found a transporter.
 16770 | Gauntlet | Found a transporter.
 16987 | Gauntlet | Got an ancient hat
 17034 | Gauntlet | Identified the cursed -3 hat of Wotesoazxe {rElec} (You
                  | found it in a Gauntlet)
 17143 | Gauntlet | Identified the +12 arbalest "Jukaliwa" {flame, rElec Int-3
                  | Dex+8}
 17246 | Lair:6   | Received a gift from Okawaru
 17275 | Lair:6   | Reached XP level 15. HP: 85/130 MP: 20/20
 18581 | D:14     | Found Zeuw's Distillery.
 18584 | D:14     | Bought a potion of haste for 130 gold pieces
 18649 | D:14     | Found Innutwa's General Store.
 18680 | D:14     | Noticed Roxanne
 18711 | D:14     | Found Hypp's Magic Scroll Emporium.
 18719 | D:14     | Bought a scroll of identify for 30 gold pieces
 18719 | D:14     | Bought a scroll of identify for 30 gold pieces
 18719 | D:14     | Bought a scroll of fear for 52 gold pieces
 18719 | D:14     | Bought a scroll of identify for 30 gold pieces
 18719 | D:14     | Bought a scroll of identify for 30 gold pieces
 18719 | D:14     | Bought a scroll of identify for 30 gold pieces
 18719 | D:14     | Bought a scroll of fog for 30 gold pieces
 18838 | D:14     | Found Ceppiena's Antique Armour Shoppe.
 18888 | D:14     | Reached skill level 15 in Shields
 18964 | D:14     | Found a gate to the Vaults.
 19070 | D:14     | Received a gift from Okawaru
 19521 | D:15     | Entered Level 15 of the Dungeon
 20088 | D:15     | HP: 1/134 [fire dragon/blast of flame (26)]
 20092 | D:15     | Found a staircase to the Depths.
 20577 | Orc:1    | Entered Level 1 of the Orcish Mines
 20722 | Orc:2    | Entered Level 2 of the Orcish Mines
 20824 | Orc:2    | Found a staircase to the Elven Halls.
 20885 | Orc:2    | Reached skill level 5 in Dodging
 21085 | Orc:2    | Found Daheruah's Distillery.
 21119 | Orc:2    | Found Yzee's General Store.
 21460 | Orc:2    | Found a roughly hewn altar of Beogh.
 21666 | Orc:2    | Reached XP level 16. HP: 61/141 MP: 18/21
 22094 | Orc:2    | Received a gift from Okawaru
 22110 | Orc:2    | Found Upnuir's Gadget Shoppe.
 22110 | Orc:2    | Found a one-way gate leading to the halls of Pandemonium.
 22110 | Orc:2    | Found Mossusif's Antique Armour Emporium.
 22185 | Orc:2    | Bought a scroll of acquirement for 728 gold pieces
 22185 | Orc:2    | Identified the ring of Loezan {Fire Stlth+} (You acquired
                  | it on level 2 of the Orcish Mines)
 22600 | Swamp:1  | Entered Level 1 of the Swamp
 23284 | Swamp:2  | Noticed a thorn hunter
 23295 | Swamp:2  | Killed a thorn hunter
 23295 | Swamp:2  | Received a gift from Okawaru
 23304 | Swamp:2  | Found a frozen archway.
 23314 | IceCv    | Entered an ice cave
 23623 | IceCv    | Got a bloodstained double sword
 24899 | Swamp:3  | Found a runed translucent gate.
 24900 | Swamp:3  | Found a runed translucent gate.
 24901 | Swamp:3  | Found a runed translucent gate.
 24902 | Swamp:3  | Noticed qipq's ghost (journeyman FeEn)
 24934 | Swamp:3  | Killed qipq's ghost
 24952 | Swamp:3  | Identified the +9 war axe of Amorality {drain, rN+ Str+7
                  | Dex-4 Stlth+} (You found it on level 3 of the Swamp)
 24982 | Swamp:3  | Noticed a thorn hunter
 24991 | Swamp:3  | Killed a thorn hunter
 24991 | Swamp:3  | Received a gift from Okawaru
 25311 | Swamp:4  | Entered Level 4 of the Swamp
 25611 | Swamp:4  | Reached XP level 17. HP: 117/152 MP: 22/22
 26417 | Swamp:4  | Noticed a bone dragon
 26448 | Swamp:4  | Killed a bone dragon
 26457 | Swamp:4  | Got a decaying rune of Zot
 26813 | Spider:1 | Entered Level 1 of the Spider Nest
 27041 | Spider:1 | Received a gift from Okawaru
 27510 | Spider:1 | Noticed Agnes
 27528 | Spider:1 | Killed Agnes
 27549 | Spider:1 | You are sucked into a shaft and drop 1 floor!
 27669 | Spider:1 | You are sucked into a shaft and drop 1 floor!
 27701 | Spider:2 | Reached skill level 15 in Fighting
 29136 | Spider:3 | Identified the +11 demon trident of Magnificence {drain,
                  | SInv} (You acquired it on level 3 of the Spider Nest)
 29136 | Spider:3 | Identified the +7 chain mail of Atudiree {rC+ rN+ SInv}
                  | (You acquired it on level 3 of the Spider Nest)
 29246 | Spider:4 | Entered Level 4 of the Spider Nest
 29381 | Spider:4 | Received a gift from Okawaru
 29699 | Spider:4 | Reached XP level 18. HP: 144/158 MP: 23/23
 29972 | Spider:4 | Got a gossamer rune of Zot
 30437 | Vaults:1 | Entered Level 1 of the Vaults
 30524 | Vaults:1 | Cast into level 2 of the Abyss (a wizard)
 30667 | Abyss:2  | Received a gift from Okawaru
 30989 | Vaults:1 | Escaped the Abyss
 31027 | Vaults:1 | Received a gift from Okawaru
 31390 | Vaults:1 | Found Laesong's Food Emporium.
 32159 | Vaults:2 | Received a gift from Okawaru
 32359 | Vaults:2 | Noticed Boris
 32391 | Vaults:2 | Killed Boris
 32433 | Vaults:2 | Found a ruined gateway.
 32470 | Desolati | Entered the Desolation of Salt
 32704 | Desolati | Found the +8 whip "Snakebite" {curare, rPois}
 32705 | Desolati | Got a heavily runed iron ring
 32713 | Desolati | Identified the ring "Tuzosudink" {Wiz +Blink rN+} (You
                  | found it in the Desolation of Salt)
 32729 | Desolati | Identified the ring of the Morning {Ice rN+ Dex+2} (You
                  | found it in the Desolation of Salt)
 32785 | Desolati | Reached XP level 19. HP: 169/169 MP: 24/24
 32981 | Desolati | Identified the Handbook of Boosting Attacks
 32987 | Desolati | Identified the ring of Bycw {rCorr Int+4} (You found it in
                  | the Desolation of Salt)
 32994 | Desolati | Identified the Collected Works on Creative Boosts
 33115 | Desolati | Received a gift from Okawaru
 33224 | Desolati | Identified the +0 cloak of True Grit {rPois rC- Regen+
                  | rCorr} (Okawaru gifted it to you in the Desolation of Salt)
 33240 | Desolati | Identified the Volume of Contamination and the Volcanoes
 33242 | Desolati | Identified the Volume of Feathery Conjuration
 33252 | Desolati | Identified the ring "Cuomar" {Ice Int+2} (You found it in
                  | the Desolation of Salt)
 33254 | Desolati | Identified the Incunabulum of the Valley of Death
 33667 | Vaults:2 | Found Pog Itzob's Magic Scroll Shop.
 33679 | Vaults:2 | Bought a scroll of teleportation for 60 gold pieces
 33679 | Vaults:2 | Bought a scroll of blinking for 150 gold pieces
 33679 | Vaults:2 | Bought a scroll of brand weapon for 400 gold pieces
 33727 | Vaults:2 | Reached skill level 10 in Dodging
 34030 | Vaults:2 | Received a gift from Okawaru
 35019 | Vaults:3 | Identified the +3 mace of Ru's Anger {holy, Dex+2}
 35309 | Vaults:3 | Reached skill level 15 in Armour
 35338 | Vaults:3 | Reached XP level 20. HP: 128/183 MP: 25/25
 35465 | Vaults:3 | Received a gift from Okawaru
 35727 | Vaults:3 | Found a staircase to the Crypt.
 36379 | Vaults:4 | Received a gift from Okawaru
 36450 | Vaults:4 | Paralysed by a sphinx for 6 turns
 36461 | Vaults:4 | Paralysed by a sphinx for 5 turns
 37701 | D:14     | Killed Roxanne
 37892 | Elf:1    | Entered Level 1 of the Elven Halls
 38723 | Elf:2    | Reached XP level 21. HP: 196/196 MP: 26/26
 38741 | Elf:2    | Received a gift from Okawaru
 38953 | Elf:2    | Found a runed translucent gate.
 38953 | Elf:2    | Found a runed translucent gate.
 38953 | Elf:2    | Found a runed translucent gate.
 39401 | Elf:2    | Gained mutation: Your body sometimes deteriorates upon
                  | taking damage. [a neqoxec]
 39654 | Elf:3    | Entered Level 3 of the Elven Halls
 39850 | Elf:3    | Found a transporter.
 39858 | Elf:3    | Noticed larifari's ghost (adept DsNe)
 39869 | Elf:3    | Found a transporter.
 39885 | Elf:3    | Identified the +1 rapier of the Tomato {distort, rPois}
 39885 | Elf:3    | Identified the cursed +1 leather armour of Zudu Enk {+Fly
                  | Str+5}
 40122 | Elf:3    | Found a one-way gate to the infinite horrors of the Abyss.
 40496 | Elf:3    | Received a gift from Okawaru
 41058 | Elf:3    | Noticed Louise
 41064 | Elf:3    | Killed Louise
 41170 | Elf:3    | Identified the ring "Adeparaz" {rF+ MR+}
 41199 | Elf:3    | Identified the Papyrus of Heat and Dark Magic
 41207 | Elf:3    | Identified the +1 plate armour of the Unseen Realm {Stlth+}
                  | (You found it on level 3 of the Elven Halls)
 41230 | Elf:3    | Identified the +5 triple crossbow of Gaplaqatz {freeze,
                  | Int+4 SInv} (You found it on level 3 of the Elven Halls)
 41272 | Elf:3    | Got a clouded granite ring
 41276 | Elf:3    | Identified the ring of Life {rPois rN+ SInv} (You found it
                  | on level 3 of the Elven Halls)
 41647 | Depths:1 | Entered Level 1 of the Depths
 42023 | Depths:1 | Reached XP level 22. HP: 209/209 MP: 27/27
 42081 | Depths:1 | Received a gift from Okawaru
 42198 | Depths:1 | Found a gateway to Hell.
 42235 | Depths:1 | Got a pitted plate armour
 42246 | Depths:1 | Identified the +6 plate armour "Maifupsaicea" {rF+} (You
                  | found it on level 1 of the Depths)
 42401 | Depths:1 | Noticed Sojobo
 42432 | Depths:1 | Killed Sojobo
 42584 | Depths:1 | Noticed a golden dragon
 42585 | Depths:1 | Received a gift from Okawaru
 42600 | Depths:1 | Killed a golden dragon
 42639 | Depths:1 | Identified the ring "Girhoul" {rF++ rC- MP+9 Str+6} (You
                  | found it on level 1 of the Depths)
 42645 | Depths:1 | Identified the Incunabulum of Aid and Unholy Magic
 43045 | Depths:2 | Received a gift from Okawaru
 43278 | Depths:2 | Noticed a juggernaut
 43288 | Depths:2 | Killed a juggernaut
 43398 | Depths:2 | Received a gift from Okawaru
 43424 | Depths:2 | Paralysed by a sphinx for 6 turns
 43439 | Depths:2 | Found the +3 hat of Pondering {ponderous, MR+ MP+10 Int+5}
 43779 | Depths:2 | Reached XP level 23. HP: 219/224 MP: 28/28
 43881 | Depths:2 | Found a white marble altar of Elyvilon.
 44151 | Depths:3 | You are sucked into a shaft and drop 2 floors!
 44151 | Depths:5 | Entered Level 5 of the Depths
 44250 | Depths:5 | HP: 4/234 [black draconian/bolt of lightning (26)]
 44273 | Depths:4 | Received a gift from Okawaru
 44280 | Depths:4 | Noticed an ancient lich
 44286 | Depths:4 | You are sucked into a shaft and drop 1 floor!
 44306 | Depths:5 | Noticed a caustic shrike
 44306 | Depths:5 | Noticed a caustic shrike
 44306 | Depths:5 | Noticed a caustic shrike
 44315 | Depths:4 | Killed from afar by a shadow dragon

Levels and vault maps discovered:
D:1:      nicolae_arrival_memento_mori, layout_basic
D:2:      layout_loops_corners, overflow_temple_1_default, ashenzari_altar_1,
          uniq_terence, uniq_crazy_yiuf_cottage
D:3:      cheibrodos_greedy_goblins, layout_rooms, dancing_weapons_uskayaw,
          chequers_temple_overflow_statue_of_worship, bloody_trog
D:4:      layout_basic, first_ration
D:5:      layout_loops_ring, led_sif_book, kennysheep_little_box, fedhas_altar_4
D:6:      layout_loops_corners, lemuel_coloured_pillars_altar,
          nemelex_xobeh_ov_fountains_minmay, minmay_temple_entry_offerings
D:7:      layout_loops_ring, uniq_menkaure
D:8:      layout_basic
D:9:      layout_basic, overflow_temple_1_default, minmay_orc_entry_guard_dogs,
          serial_shops, shop, uniq_maurice, uniq_erolcha, uniq_pikel
D:10:     layout_cave_pods, hangedman_ranch [blue_anna_fruit_fields],
          uniq_harold, uniq_joseph
D:11:     layout_long_grid, lair_entry_dummy, minmay_statue_bubble, uniq_erica
D:12:     layout_basic
D:13:     layout_irregular_city
D:14:     layout_long_grid, ximxim_vaults_locker_room, serial_bayou_pond_d,
          serial_shops, nicolae_shop_temple_entry_statues_fountains, shop, shop,
          shop, kennysheep_nondescript, minmay_fractal_squares_gapless_5,
          uniq_roxanne
D:15:     grunt_enter_depths_hoard, layout_loops_ring, minmay_misc_feat_rows
Temple:   kb_temple_of_zot
Lair:1:   layout_concentric_octagons, dpeg_stationary_puzzle,
          lemuel_fruit_fields, grunt_megastairs_2
Lair:2:   wad_woods_minihive, layout_concentric_octagons,
          nicolae_spider_entry_non_spiders, basic_altar, uniq_fannar
Lair:3:   layout_regular_city, swamp_mist
Lair:4:   layout_roguey, basic_altar, infiniplex_staircase_pool_2,
          uniq_josephine
Lair:5:   layout_long_grid, slime_altar_1, minmay_lair_oklob_chamber,
          lemuel_fruit_fields
Lair:6:   hangedman_lair_in_review, layout_regular_city,
          guppyfry_lair_end_dragon, gauntlet_entry_generic, wad_woods_river_04,
          lemuel_fruit_tree, uniq_kirke
Swamp:1:  layout_falls_marsh, hangedman_swamp_lotus, swamp_pool1
Swamp:2:  layout_basic_swamp, portal_ice_cave_entry_pillars_four,
          evilmike_swamp_ruin_house_5, swamp_pool1
Swamp:3:  layout_falls_marsh, gammafunk_ghost_hydra_chop,
          nicolae_swamp_little_tower
Swamp:4:  swamp_pestilence, layout_basic_swamp, infiniplex_staircase_pool
Spider:1: layout_chambers, nicolae_spider_shape, uniq_agnes
Spider:2: layout_spider_delve, drop_trap
Spider:3: layout_spider_delve
Spider:4: grunt_spider_rune_circles
Orc:1:    layout_diamond_mine
Orc:2:    pf_orc_diabolical, layout_caves, mines1_david
Elf:1:    minmay_elf_arrival_circle, layout_geoelf_grid, minivault_28, drop_trap
Elf:2:    layout_loops_ring, hangedman_elf_represent
Elf:3:    minmay_elf_hall_statues, layout_geoelf_castle,
          gammafunk_ghost_abyssal_escape, uniq_louise
Vaults:1: vaults_dpeg_encased_lava, ontoclasm_vaults_pinch, v_misc_11,
          v_misc_27, v_misc_15, grunt_vaults_hallway_long, grunt_vaults_swirl,
          layout_vaults_quadrants, serial_shops, nicolae_shop_window_shopping
Vaults:2: nicolae_vaults_minivaults, v_alt_pattern_3, v_misc_9,
          nicolae_vaults_little_ls, v_misc_24,
          nicolae_vaults_network_quinsquares
          [nicolae_vaults_network_quincunx_subvault,
          nicolae_vaults_network_quincunx_subvault,
          nicolae_vaults_network_quincunx_subvault,
          nicolae_vaults_network_quincunx_subvault],
          nicolae_vaults_network_quincunx
          [nicolae_vaults_network_quincunx_subvault,
          nicolae_vaults_network_quincunx_subvault,
          nicolae_vaults_network_quincunx_subvault,
          nicolae_vaults_network_quincunx_subvault,
          nicolae_vaults_network_quincunx_subvault], hangedman_vaults_locks,
          ontoclasm_vaults_twist, hangedman_vaults_nails,
          nicolae_vaults_little_squares_4, nicolae_vaults_three_branches,
          layout_vaults_maze, portal_desolation_entry_twin_temple, serial_shops,
          nicolae_shop_window_shopping, uniq_boris
Vaults:3: st_lines, ontoclasm_vaults_eye, grunt_vaults_focal, vaults_dpeg_cross,
          minmay_crypt_entry_skeletal_spiral, v_misc_13, grunt_vaults_diagonal,
          v_alt_pattern_4, vaults_standard_mumra_x, vaults_room_pool,
          grunt_vaults_twisty, vaults_dpeg_hooks, hangedman_vaults_trim,
          layout_vaults_ring
Vaults:4: vaults_mumra_hexcomb, nicolae_vaults_alarming, vaults_room_large_hall,
          ontoclasm_vaults_tryst, nicolae_vaults_twisting_passages,
          hangedman_vaults_stagger, v_misc_5, v_rooms_6,
          vaults_room_stairs_pillars, nicolae_vaults_specimen_jars,
          vaults_dpeg_diagonal, ontoclasm_vaults_decontamination,
          layout_vaults_omnibox
Depths:1: layout_cave_pools, lightli_too_deep, abyss_entry,
          hangedman_decor_diamond_cutter, minmay_misc_feat_chi, nzn_random_ring,
          uniq_sojobo
Depths:2: grunt_crosshair, layout_cave_shapes, grunt_pan_entry_spiral,
          lemuel_round_altar, hell_entry, kennysheep_cross_room,
          minmay_misc_feat_four_crosses, grunt_decor_resistance, hex_large,
          nrook_campfire
Depths:3: grunt_deathspiral_large, layout_cave_pools, enter_ziggurat_c,
          hell_entry, hangedman_abyss_or_decor_lesser_grid,
          grunt_pan_entry_in_and_out, abyss_entry, infiniplex_staircase_zigzag_3
Depths:4: hangedman_pleasuredromes, abyss_entry, hell_entry, uniq_jory,
          uniq_margery, uniq_enchantress
Depths:5: grunt_zot_entry_alcove, layout_cave_pools, hangedman_coc_ice_floe,
          corexii_corridor_pit, minmay_shop_grove

Skill      XL: |  1  2  3  4  5  6  7  8  9 10 11 12 13 14 15 16 17 18 19 20 21 22 23 |
---------------+----------------------------------------------------------------------+-----
Axes           | 3 4 5 6 7 9 11 13 15 16 17 18 19 20 21 22 | 22.0
Invocations    | 2 3 4 6 7 8 |  8.0
Fighting       | 6 8 10 11 12 14 15 17 19 21 22 24 25 | 25.2
Armour         | 6 9 10 11 12 13 14 15 16 17 18 19 | 19.2
Shields        | 5 7 10 12 14 15 17 19 20 22 23 24 25 | 25.0
Dodging        | 3 5 7 8 9 10 | 10.0

Action                   |  1- 3 |  4- 6 |  7- 9 | 10-12 | 13-15 | 16-18 | 19-21 | 22-24 || total
-------------------------+-------+-------+-------+-------+-------+-------+-------+-------++-------
Melee: War axe           |    86 |   152 |   361 |   531 |       |       |       |       ||  1130
       Headbutt          |     5 |    27 |    61 |   117 |   308 |   455 |   428 |   190 ||  1591
       Hand axe          |       |       |       |     4 |    27 |    40 |       |       ||    71
       Broad axe         |       |       |       |   102 |  1094 |  1674 |  1409 |   569 ||  4848
       Demon trident     |       |       |       |       |       |    72 |       |       ||    72
Throw: Dart              |       |       |    19 |     4 |       |       |       |       ||    23
Invok: Heroism           |       |       |       |     9 |     9 |     8 |     5 |     4 ||    35
       Finesse           |       |       |       |     1 |       |     2 |     2 |     3 ||     8
Evoke: Wand              |       |       |       |    14 |     1 |     2 |       |       ||    17
  Use: Scroll            |       |       |    14 |     7 |    18 |    13 |    19 |    13 ||    84
       Potion            |       |       |     4 |     1 |     2 |     1 |       |     4 ||    12
 Stab: Confused          |       |       |       |       |       |     5 |       |       ||     5
       Held in net/web   |       |       |       |       |       |     1 |       |       ||     1
       Petrifying        |       |       |       |       |       |     1 |       |       ||     1
       Distracted        |       |       |       |       |       |       |       |     1 ||     1
  Eat: Chunk             |       |     6 |    13 |    20 |    21 |    13 |    15 |     2 ||    90
       Ration            |       |       |     1 |     1 |     2 |     7 |     5 |     2 ||    18
Armor: Scale mail        |    27 |    58 |    95 |       |       |       |       |       ||   180
       Plate armour      |       |       |    50 |   334 |   195 |       |   184 |    64 ||   827
       Crystal plate arm |       |       |       |       |   169 |   839 |   219 |       ||  1227
       Gold dragon scale |       |       |       |       |       |       |       |   153 ||   153
Dodge: Dodged            |    27 |    37 |    76 |   129 |   128 |   341 |   256 |   164 ||  1158
Block: Shield            |    37 |    63 |   155 |   285 |   132 |   776 |   890 |   478 ||  2816
       Large shield      |       |       |       |       |   646 |   761 |       |       ||  1407

Table legend:
 A = Non-vault XP
 B = Vault XP
 C = Vault XP percentage of total XP
 D = Non-vault monster count
 E = Vault monster count
 F = Vault count percentage of total count
                 A         B        C        D         E       F
            +---------+---------+-------+---------+---------+-------
      Total |  423740 |  448746 |  51.4 |    1247 |     741 |  37.3
            +---------+---------+-------+---------+---------+-------
        D:1 |      42 |       0 |   0.0 |      23 |       0 |   0.0
        D:2 |      57 |      76 |  57.1 |      24 |       2 |   7.7
        D:3 |     116 |      19 |  14.1 |      25 |      10 |  28.6
        D:4 |     474 |       0 |   0.0 |      18 |       0 |   0.0
        D:5 |     504 |       0 |   0.0 |      19 |       0 |   0.0
        D:6 |     618 |       0 |   0.0 |      22 |       0 |   0.0
        D:7 |     845 |     169 |  16.7 |      22 |       1 |   4.3
        D:8 |    2271 |       0 |   0.0 |      38 |       0 |   0.0
        D:9 |    3088 |    2418 |  43.9 |      22 |       6 |  21.4
       D:10 |    3135 |    3693 |  54.1 |      25 |      10 |  28.6
       D:11 |    4362 |    1604 |  26.9 |      42 |       2 |   4.5
       D:12 |    4170 |       0 |   0.0 |      29 |       0 |   0.0
       D:13 |    8116 |       0 |   0.0 |      23 |       0 |   0.0
       D:14 |   11201 |    6280 |  35.9 |      31 |      16 |  34.0
       D:15 |    6742 |    2055 |  23.4 |      25 |       2 |   7.4
     Lair:1 |    2209 |    1102 |  33.3 |      13 |       4 |  23.5
     Lair:2 |    9760 |    4030 |  29.2 |      25 |      55 |  68.8
     Lair:3 |    7780 |       0 |   0.0 |      29 |       0 |   0.0
     Lair:4 |    3669 |    2127 |  36.7 |      14 |       6 |  30.0
     Lair:5 |   10472 |    1122 |   9.7 |      33 |       2 |   5.7
     Lair:6 |   23532 |   14451 |  38.0 |      63 |      39 |  38.2
    Swamp:1 |    4937 |       0 |   0.0 |      20 |       0 |   0.0
    Swamp:2 |   10762 |       0 |   0.0 |      26 |       0 |   0.0
    Swamp:3 |   12608 |    4171 |  24.9 |      28 |       4 |  12.5
    Swamp:4 |    9440 |   14950 |  61.3 |      33 |      40 |  54.8
   Spider:1 |    8238 |    4895 |  37.3 |      28 |       9 |  24.3
   Spider:2 |   21381 |       0 |   0.0 |      51 |       0 |   0.0
   Spider:3 |   13044 |       0 |   0.0 |      42 |       0 |   0.0
   Spider:4 |    7704 |   23970 |  75.7 |      18 |      41 |  69.5
      Orc:1 |    3191 |       0 |   0.0 |      23 |       0 |   0.0
      Orc:2 |    4235 |   16289 |  79.4 |      49 |      61 |  55.5
      Elf:1 |   12619 |    7999 |  38.8 |      19 |      16 |  45.7
      Elf:2 |   12442 |   28555 |  69.7 |      24 |      38 |  61.3
      Elf:3 |   15768 |   50313 |  76.1 |      23 |      30 |  56.6
   Vaults:1 |   16893 |    2679 |  13.7 |      41 |       9 |  18.0
   Vaults:2 |   24135 |   37489 |  60.8 |      49 |      49 |  50.0
   Vaults:3 |   35385 |   30487 |  46.3 |      50 |      40 |  44.4
   Vaults:4 |   26469 |   23263 |  46.8 |      36 |      37 |  50.7
   Depths:1 |   44279 |   39898 |  47.4 |      68 |      25 |  26.9
   Depths:2 |   14798 |   55274 |  78.9 |      22 |      57 |  72.2
   Depths:3 |    3665 |       0 |   0.0 |       6 |       0 |   0.0
   Depths:4 |     784 |    4135 |  84.1 |       1 |       4 |  80.0
   Depths:5 |    6725 |   10754 |  61.5 |       8 |       9 |  52.9
    Abyss:2 |   11075 |     587 |   5.0 |      17 |       6 |  26.1
      IceCv |       0 |    7411 | 100.0 |       0 |      22 | 100.0
 Desolation |       0 |   41937 | 100.0 |       0 |      76 | 100.0
   Gauntlet |       0 |    4544 | 100.0 |       0 |      13 | 100.0
            +---------+---------+-------+---------+---------+-------
